General information
- name: BNet
- type: Ladder team game (AT/RT)
- host: Battle.net
- saver: HumanKingTomVIP
map: FullScaleAssault
- players: 8
- length: 43:02
- speed: Fast
- version: 1.26 W3XP
- replay type: Public
» download(330 KB)
Players
team 1 (winner)
mulan2004 (
purple | 49 APM | 1933 actions | 39:27)
4 Priestess of the Moon
2 Searing Arrows
2 Trueshot Aura
» actions
| Assign group hotkey | 194 | |
| Basic commands | 388 | |
| Build / train | 80 | |
| ESC pressed | 8 | |
| Enter build submenu | 17 | |
| Enter hero's abilities submenu | 4 | |
| Right click | 277 | |
| Select / deselect | 315 | |
| Select group hotkey | 564 | |
| Use ability | 86 | |
1933 total
» units
| Wisp | 17 | |
| Huntress | 7 | |
| Goblin Shredder | 1 | |
| Mountain Giant | 22 | |
| Dryad | 6 | |
| Blue Dragon Whelp | 1 | |
54 total
» upgrades
| Sentinel | 1 | |
| Strength of the Wild | 3 | |
| Reinforced Hides | 3 | |
| Abolish Magic | 1 | |
| Hardened Skin | 1 | |
| Resistant Skin | 1 | |
| Nature's Blessing | 1 | |
| Well Spring | 1 | |
12 total
» buildings
| Altar of Elders | 1 | |
| Moon Well | 8 | |
| Hunter's Hall | 1 | |
| Ancient of War | 1 | |
| Tree of Life | 1 | |
| Tree of Ages | 1 | |
| Ancient of Wonders | 1 | |
| Ancient of Lore | 2 | |
| Tree of Eternity | 1 | |
17 total
» build order
00:05 Altar of Elders
00:24 Moon Well
01:09 Moon Well
01:42 Moon Well
02:43 Hunter's Hall
03:02 Ancient of War
03:53 Tree of Life
04:16 Moon Well
04:22 Tree of Ages
05:02 Ancient of Wonders
05:43 Moon Well
07:49 Ancient of Lore
07:53 Ancient of Lore
12:36 Tree of Eternity
12:40 Moon Well
13:11 Moon Well
13:39 Moon Well
» items
| Scroll of Town Portal | 5 | |
| Potion of Healing | 2 | |
7 total
HumanKingTomVIP (
orange | 75 APM | 3248 actions | 43:02)
10 Pandaren Brewmaster
3 Breath of Fire
3 Drunken Brawler
3 Drunken Haze
1 Storm Earth and Fire
» actions
| Assign group hotkey | 80 | |
| Basic commands | 137 | |
| Build / train | 181 | |
| ESC pressed | 14 | |
| Enter build submenu | 143 | |
| Enter hero's abilities submenu | 9 | |
| Give item / drop item | 8 | |
| Right click | 1103 | |
| Select / deselect | 410 | |
| Select group hotkey | 781 | |
| Use ability | 382 | |
3248 total
» units
| Peasant | 35 | |
| Goblin Zeppelin | 3 | |
| Goblin Shredder | 2 | |
| Gryphon Rider | 6 | |
46 total
» upgrades
| Masonry | 3 | |
| Magic Sentry | 1 | |
| Swords | 3 | |
| Armor | 3 | |
| Storm Hammers | 1 | |
| Animal War Training | 1 | |
| Cloud | 1 | |
13 total
» buildings
| Altar of Kings | 1 | |
| Farm | 18 | |
| Lumber Mill | 2 | |
| Scout Tower | 153 | |
| Arcane Tower | 4 | |
| Town Hall | 3 | |
| Guard Tower | 59 | |
| Keep | 3 | |
| Arcane Vault | 2 | |
| Arcane Sanctum | 1 | |
| Castle | 2 | |
| Blacksmith | 2 | |
| Barracks | 2 | |
| Gryphon Aviary | 5 | |
| Altar of Elders | 1 | |
| Moon Well | 6 | |
| Tree of Life | 1 | |
265 total
» build order
00:16 Altar of Kings
00:26 Farm
00:50 Farm
01:37 Lumber Mill
01:40 Farm
01:45 Farm
02:14 Farm
02:43 Scout Tower
02:45 Scout Tower
02:53 Scout Tower
03:36 Arcane Tower
03:56 Scout Tower
04:05 Town Hall
04:07 Scout Tower
04:08 Scout Tower
04:29 Arcane Tower
04:30 Scout Tower
04:39 Guard Tower
04:40 Scout Tower
04:42 Scout Tower
05:17 Guard Tower
05:18 Scout Tower
05:22 Arcane Tower
05:45 Guard Tower
05:46 Scout Tower
05:47 Scout Tower
05:51 Guard Tower
05:53 Scout Tower
06:14 Keep
06:20 Scout Tower
06:21 Scout Tower
06:26 Guard Tower
06:28 Scout Tower
07:02 Guard Tower
07:03 Scout Tower
07:05 Scout Tower
07:05 Scout Tower
07:07 Scout Tower
07:08 Scout Tower
07:08 Scout Tower
07:10 Guard Tower
07:12 Scout Tower
07:12 Scout Tower
07:31 Scout Tower
07:35 Arcane Tower
07:44 Guard Tower
07:45 Scout Tower
07:45 Scout Tower
08:02 Guard Tower
08:04 Guard Tower
08:04 Guard Tower
08:09 Lumber Mill
08:22 Guard Tower
08:22 Guard Tower
08:23 Scout Tower
08:23 Scout Tower
08:27 Guard Tower
08:41 Farm
09:21 Guard Tower
09:22 Arcane Vault
09:23 Scout Tower
09:38 Scout Tower
09:38 Scout Tower
09:38 Scout Tower
09:39 Arcane Vault
09:52 Arcane Sanctum
10:18 Guard Tower
10:18 Guard Tower
10:20 Scout Tower
10:20 Scout Tower
10:50 Guard Tower
10:50 Guard Tower
10:51 Scout Tower
10:53 Scout Tower
10:54 Scout Tower
11:02 Scout Tower
11:03 Scout Tower
11:05 Guard Tower
11:05 Guard Tower
11:07 Scout Tower
11:08 Scout Tower
11:11 Scout Tower
11:11 Scout Tower
11:12 Scout Tower
11:12 Scout Tower
11:12 Scout Tower
11:13 Scout Tower
11:20 Scout Tower
11:47 Guard Tower
11:48 Scout Tower
11:48 Scout Tower
11:49 Scout Tower
11:54 Guard Tower
12:04 Scout Tower
12:05 Scout Tower
12:06 Scout Tower
12:07 Scout Tower
12:08 Scout Tower
13:12 Guard Tower
13:12 Guard Tower
13:17 Guard Tower
13:19 Guard Tower
13:37 Town Hall
13:44 Scout Tower
13:45 Scout Tower
13:45 Scout Tower
13:45 Scout Tower
13:49 Scout Tower
13:50 Scout Tower
13:50 Scout Tower
13:51 Scout Tower
13:52 Scout Tower
13:53 Guard Tower
13:53 Guard Tower
14:25 Guard Tower
14:39 Guard Tower
14:52 Keep
15:22 Guard Tower
15:24 Guard Tower
16:22 Scout Tower
16:23 Scout Tower
16:23 Scout Tower
16:23 Scout Tower
16:23 Scout Tower
16:36 Scout Tower
16:36 Scout Tower
16:37 Scout Tower
16:37 Scout Tower
16:37 Scout Tower
16:38 Scout Tower
16:38 Scout Tower
16:38 Scout Tower
16:38 Scout Tower
16:39 Scout Tower
17:16 Guard Tower
17:19 Castle
17:21 Castle
17:38 Guard Tower
17:39 Guard Tower
17:41 Guard Tower
18:50 Guard Tower
18:52 Scout Tower
18:53 Scout Tower
18:53 Scout Tower
18:53 Scout Tower
19:01 Scout Tower
19:01 Scout Tower
19:02 Scout Tower
19:02 Scout Tower
19:03 Scout Tower
19:04 Scout Tower
19:04 Scout Tower
19:04 Scout Tower
19:04 Scout Tower
19:44 Guard Tower
19:49 Blacksmith
19:50 Blacksmith
19:53 Scout Tower
19:54 Scout Tower
19:54 Scout Tower
19:54 Scout Tower
19:55 Scout Tower
19:55 Scout Tower
19:55 Scout Tower
19:57 Scout Tower
19:57 Scout Tower
19:57 Scout Tower
19:58 Scout Tower
19:58 Scout Tower
19:59 Scout Tower
19:59 Scout Tower
20:48 Guard Tower
20:48 Guard Tower
20:59 Guard Tower
21:01 Scout Tower
21:02 Scout Tower
21:20 Guard Tower
21:30 Guard Tower
22:15 Guard Tower
24:32 Scout Tower
24:32 Scout Tower
24:33 Scout Tower
24:33 Scout Tower
24:46 Scout Tower
24:46 Scout Tower
24:47 Scout Tower
24:47 Scout Tower
24:49 Barracks
24:50 Scout Tower
24:51 Scout Tower
24:51 Scout Tower
24:51 Scout Tower
24:52 Scout Tower
24:52 Scout Tower
25:08 Guard Tower
25:18 Guard Tower
25:21 Guard Tower
25:38 Guard Tower
26:06 Scout Tower
26:07 Scout Tower
26:07 Scout Tower
26:07 Scout Tower
26:08 Scout Tower
26:08 Scout Tower
26:29 Gryphon Aviary
26:30 Gryphon Aviary
26:30 Gryphon Aviary
26:30 Gryphon Aviary
26:31 Gryphon Aviary
26:36 Scout Tower
26:38 Guard Tower
26:49 Guard Tower
26:50 Scout Tower
26:51 Scout Tower
26:51 Scout Tower
26:51 Scout Tower
26:52 Scout Tower
26:52 Scout Tower
26:53 Scout Tower
26:53 Scout Tower
26:53 Scout Tower
26:53 Scout Tower
26:54 Scout Tower
26:54 Scout Tower
26:54 Scout Tower
26:54 Scout Tower
26:55 Scout Tower
26:55 Scout Tower
27:03 Guard Tower
27:24 Guard Tower
27:25 Guard Tower
27:47 Guard Tower
28:26 Farm
28:26 Farm
28:26 Farm
28:27 Farm
28:27 Farm
29:06 Farm
29:07 Farm
29:07 Farm
29:07 Farm
29:07 Farm
29:13 Barracks
29:59 Town Hall
39:49 Altar of Elders
40:01 Moon Well
40:02 Moon Well
40:02 Moon Well
40:02 Moon Well
40:03 Moon Well
40:03 Moon Well
40:47 Farm
41:00 Tree of Life
41:25 Farm
» items
| Boots of Speed | 1 | |
| Staff of Teleportation | 1 | |
| Scroll of Regeneration | 6 | |
| Lesser Clarity Potion | 4 | |
| Moonstone | 2 | |
| Ivory Tower | 20 | |
| Scroll of Town Portal | 2 | |
| Staff of Sanctuary | 1 | |
| Orb of Venom | 1 | |
| Potion of Healing | 1 | |
| Potion of Mana | 1 | |
| Scroll of Protection | 1 | |
| Scroll of Healing | 1 | |
42 total
Space_Invader (
red | 44 APM | 1902 actions | 43:01)
5 Archmage
2 Summon Water Elemental
2 Brilliance Aura
1 Blizzard
» actions
| Basic commands | 131 | |
| Build / train | 179 | |
| Enter build submenu | 56 | |
| Enter hero's abilities submenu | 5 | |
| Remove unit from queue | 1 | |
| Right click | 778 | |
| Select / deselect | 657 | |
| Use ability | 95 | |
1902 total
» units
| Peasant | 26 | |
| Footman | 6 | |
| Goblin Shredder | 1 | |
| Mortar Team | 9 | |
| Flying Machine | 56 | |
| Goblin Zeppelin | 2 | |
| Siege Engine | 8 | |
| Knight | 3 | |
| Dragonhawk Rider | 11 | |
| Gryphon Rider | 1 | |
123 total
» upgrades
| Lumber Harvesting | 1 | |
| Gunpowder | 3 | |
| Masonry | 3 | |
| Plating | 3 | |
| Flak Cannons | 1 | |
| Flying Machine Bombs | 1 | |
| Barrage | 1 | |
| Fragmentation Shards | 1 | |
| Armor | 1 | |
| Animal War Training | 1 | |
| Cloud | 1 | |
| Storm Hammers | 1 | |
18 total
» buildings
| Altar of Kings | 1 | |
| Barracks | 1 | |
| Farm | 12 | |
| Keep | 1 | |
| Arcane Vault | 2 | |
| Town Hall | 5 | |
| Blacksmith | 1 | |
| Lumber Mill | 1 | |
| Castle | 1 | |
| Workshop | 3 | |
| Scout Tower | 26 | |
| Guard Tower | 23 | |
| Cannon Tower | 2 | |
| Gryphon Aviary | 2 | |
81 total
» build order
00:43 Altar of Kings
00:46 Barracks
00:57 Farm
01:36 Farm
02:13 Farm
03:38 Keep
04:05 Arcane Vault
05:00 Town Hall
05:35 Farm
06:38 Blacksmith
06:40 Lumber Mill
07:35 Farm
08:15 Castle
08:49 Workshop
08:51 Workshop
08:53 Workshop
08:58 Farm
09:02 Farm
09:28 Farm
15:17 Farm
15:17 Farm
15:35 Scout Tower
15:36 Scout Tower
15:38 Scout Tower
15:40 Scout Tower
16:04 Guard Tower
16:05 Guard Tower
16:09 Guard Tower
16:10 Cannon Tower
16:12 Scout Tower
16:16 Scout Tower
16:20 Town Hall
16:22 Scout Tower
16:25 Scout Tower
16:43 Farm
16:44 Farm
16:51 Guard Tower
16:54 Guard Tower
16:56 Guard Tower
17:26 Scout Tower
17:57 Guard Tower
20:43 Scout Tower
20:44 Scout Tower
20:46 Scout Tower
20:48 Scout Tower
20:49 Scout Tower
21:15 Guard Tower
21:16 Guard Tower
21:17 Guard Tower
21:18 Guard Tower
21:20 Guard Tower
21:21 Scout Tower
21:22 Scout Tower
21:34 Scout Tower
21:38 Scout Tower
21:39 Scout Tower
21:41 Scout Tower
21:50 Guard Tower
21:51 Guard Tower
21:53 Town Hall
22:14 Cannon Tower
22:16 Guard Tower
22:17 Guard Tower
22:19 Guard Tower
23:22 Scout Tower
23:36 Scout Tower
23:36 Scout Tower
24:33 Guard Tower
24:34 Guard Tower
25:47 Guard Tower
29:13 Gryphon Aviary
29:15 Gryphon Aviary
38:25 Town Hall
38:28 Scout Tower
38:31 Arcane Vault
39:16 Scout Tower
39:30 Guard Tower
39:32 Scout Tower
39:45 Guard Tower
41:38 Guard Tower
42:45 Town Hall
» items
| Scroll of Regeneration | 2 | |
| Moonstone | 1 | |
| Scroll of Town Portal | 1 | |
4 total
matrixdestroyer (
yellow | 42 APM | 1825 actions | 43:01)
8 Archmage
3 Summon Water Elemental
3 Brilliance Aura
1 Mass Teleport
1 Blizzard
5 Pandaren Brewmaster
3 Breath of Fire
2 Drunken Brawler
6 Mountain King
3 Storm Bolt
2 Bash
1 Avatar
» actions
| Basic commands | 11 | |
| Build / train | 106 | |
| Enter build submenu | 32 | |
| Enter hero's abilities submenu | 20 | |
| Give item / drop item | 2 | |
| Right click | 773 | |
| Select / deselect | 771 | |
| Use ability | 109 | |
1825 total
» units
| Peasant | 13 | |
| Footman | 12 | |
| Goblin Zeppelin | 2 | |
| Gryphon Rider | 7 | |
| Goblin Shredder | 1 | |
| Dragonhawk Rider | 2 | |
| Blue Dragon | 1 | |
| Blue Drake | 1 | |
| Spell Breaker | 4 | |
43 total
» upgrades
| Lumber Harvesting | 2 | |
| Masonry | 2 | |
| Swords | 3 | |
| Armor | 2 | |
| Storm Hammers | 1 | |
| Animal War Training | 1 | |
| Cloud | 1 | |
| Sorceress Training | 2 | |
| Priest Training | 2 | |
| Control Magic | 1 | |
| Magic Sentry | 1 | |
18 total
» buildings
| Barracks | 1 | |
| Altar of Kings | 1 | |
| Farm | 14 | |
| Arcane Vault | 1 | |
| Lumber Mill | 2 | |
| Town Hall | 2 | |
| Keep | 1 | |
| Castle | 1 | |
| Blacksmith | 1 | |
| Gryphon Aviary | 3 | |
| Arcane Sanctum | 2 | |
29 total
» build order
00:10 Barracks
00:18 Altar of Kings
00:23 Farm
01:04 Farm
01:53 Farm
02:34 Farm
02:41 Arcane Vault
03:07 Lumber Mill
04:14 Town Hall
05:44 Keep
05:51 Farm
07:42 Farm
07:50 Farm
08:30 Castle
08:35 Farm
09:10 Blacksmith
09:17 Gryphon Aviary
10:50 Gryphon Aviary
10:53 Gryphon Aviary
12:16 Farm
12:20 Farm
12:58 Farm
13:08 Farm
13:30 Lumber Mill
13:48 Farm
13:55 Arcane Sanctum
14:58 Arcane Sanctum
24:46 Town Hall
33:10 Farm
» items
| Scroll of Regeneration | 7 | |
| Scroll of Town Portal | 6 | |
| Boots of Speed | 3 | |
| Orb of Fire | 2 | |
| Potion of Mana | 1 | |
| Lesser Clarity Potion | 1 | |
| Potion of Healing | 1 | |
21 total
team 2 (loser)
tankeros (
pink | 81 APM | 3470 actions | 42:58)
6 Archmage
3 Summon Water Elemental
2 Brilliance Aura
1 Mass Teleport
4 Blood Mage
2 Flame Strike
2 Siphon Mana
» actions
| Assign group hotkey | 278 | |
| Basic commands | 743 | |
| Build / train | 225 | |
| Enter build submenu | 38 | |
| Enter hero's abilities submenu | 10 | |
| Give item / drop item | 2 | |
| Remove unit from queue | 3 | |
| Right click | 894 | |
| Select / deselect | 574 | |
| Select group hotkey | 426 | |
| Use ability | 277 | |
3470 total
» units
| Peasant | 32 | |
| Footman | 12 | |
| Sorceress | 9 | |
| Priest | 10 | |
| Knight | 7 | |
| Flying Machine | 6 | |
| Mortar Team | 1 | |
| Dragonhawk Rider | 2 | |
79 total
» upgrades
| Defend | 1 | |
| Masonry | 3 | |
| Plating | 3 | |
| Swords | 3 | |
| Lumber Harvesting | 2 | |
| Priest Training | 2 | |
| Sorceress Training | 2 | |
| Magic Sentry | 1 | |
| Armor | 3 | |
| Control Magic | 1 | |
| Animal War Training | 1 | |
| Flak Cannons | 1 | |
| Fragmentation Shards | 1 | |
| Gunpowder | 1 | |
25 total
» buildings
| Farm | 12 | |
| Altar of Kings | 1 | |
| Barracks | 1 | |
| Lumber Mill | 2 | |
| Blacksmith | 1 | |
| Arcane Vault | 1 | |
| Town Hall | 2 | |
| Keep | 2 | |
| Scout Tower | 23 | |
| Castle | 4 | |
| Arcane Sanctum | 2 | |
| Guard Tower | 35 | |
| Workshop | 1 | |
87 total
» build order
00:13 Farm
00:31 Altar of Kings
00:40 Farm
01:24 Barracks
01:37 Lumber Mill
01:49 Lumber Mill
02:02 Farm
03:29 Blacksmith
03:42 Arcane Vault
04:29 Farm
04:53 Farm
06:30 Town Hall
06:33 Keep
06:38 Scout Tower
06:40 Scout Tower
07:42 Farm
09:43 Castle
09:44 Castle
09:44 Castle
09:47 Arcane Sanctum
09:52 Arcane Sanctum
11:15 Farm
11:18 Farm
11:51 Guard Tower
11:51 Guard Tower
11:53 Scout Tower
11:55 Scout Tower
13:00 Farm
13:05 Farm
13:24 Guard Tower
13:24 Guard Tower
13:24 Guard Tower
13:28 Scout Tower
13:30 Scout Tower
13:32 Scout Tower
15:14 Guard Tower
15:15 Guard Tower
15:15 Guard Tower
15:26 Farm
17:42 Guard Tower
17:42 Guard Tower
17:42 Guard Tower
18:31 Scout Tower
18:32 Scout Tower
18:33 Scout Tower
18:34 Scout Tower
18:35 Scout Tower
18:36 Scout Tower
19:42 Guard Tower
19:42 Guard Tower
20:00 Guard Tower
20:00 Guard Tower
20:01 Guard Tower
20:05 Scout Tower
20:07 Scout Tower
20:08 Scout Tower
20:56 Guard Tower
21:20 Guard Tower
21:20 Guard Tower
22:48 Workshop
27:49 Scout Tower
27:51 Scout Tower
27:52 Scout Tower
27:53 Scout Tower
27:54 Scout Tower
27:55 Scout Tower
27:58 Scout Tower
28:55 Guard Tower
28:56 Guard Tower
28:56 Guard Tower
29:55 Guard Tower
29:55 Guard Tower
31:08 Guard Tower
31:08 Guard Tower
31:53 Farm
32:47 Town Hall
» items
| Scroll of Regeneration | 2 | |
| Lesser Clarity Potion | 2 | |
| Scroll of Town Portal | 1 | |
5 total

»
OSNInTraining (
teal | 71 APM | 3067 actions | 43:01)
6 Blademaster
2 Wind Walk
3 Critical Strike
1 Bladestorm
6 Shadow Hunter
3 Healing Wave
2 Hex
1 Big Bad Voodoo
» actions
| Assign group hotkey | 57 | |
| Basic commands | 277 | |
| Build / train | 97 | |
| Enter build submenu | 27 | |
| Enter hero's abilities submenu | 12 | |
| Give item / drop item | 6 | |
| Right click | 945 | |
| Select / deselect | 363 | |
| Select group hotkey | 1092 | |
| Use ability | 191 | |
3067 total
» units
| Peon | 28 | |
| Shaman | 5 | |
| Tauren | 8 | |
| Troll Witch Doctor | 5 | |
| Peasant | 1 | |
| Spirit Walker | 2 | |
49 total
» upgrades
| Melee Weapons | 3 | |
| Armor | 3 | |
| Shaman Training | 2 | |
| Pulverize | 1 | |
| Witch Doctor Training | 2 | |
| Reinforced Defenses | 1 | |
| Spiked Barricades | 2 | |
| Spirit Walker Training | 2 | |
16 total
» buildings
| War Mill | 2 | |
| Stronghold | 4 | |
| Altar of Storms | 1 | |
| Orc Burrow | 7 | |
| Voodoo Lounge | 1 | |
| Fortress | 1 | |
| Spirit Lodge | 2 | |
| Tauren Totem | 2 | |
| Watch Tower | 12 | |
32 total
» build order
01:00 War Mill
01:19 Stronghold
01:19 Stronghold
01:19 Stronghold
01:26 Altar of Storms
01:38 Orc Burrow
02:23 Voodoo Lounge
03:59 Orc Burrow
04:27 Fortress
05:05 Spirit Lodge
07:21 Tauren Totem
07:22 Tauren Totem
07:48 Orc Burrow
09:13 Orc Burrow
11:33 War Mill
13:03 Watch Tower
13:05 Watch Tower
14:07 Watch Tower
14:08 Watch Tower
14:41 Watch Tower
14:48 Watch Tower
15:37 Watch Tower
15:44 Watch Tower
15:51 Watch Tower
16:42 Orc Burrow
16:45 Orc Burrow
18:10 Orc Burrow
19:58 Spirit Lodge
20:47 Watch Tower
20:52 Watch Tower
21:30 Watch Tower
» items
| Healing Salve | 3 | |
| Lesser Clarity Potion | 4 | |
| Orb of Lightning | 2 | |
| Tiny Great Hall | 1 | |
| Scroll of Town Portal | 2 | |
12 total

»
NBS.Oreo (
blue | 84 APM | 3083 actions | 36:32)
8 Mountain King
3 Storm Bolt
3 Bash
1 Avatar
1 Thunder Clap
6 Paladin
2 Devotion Aura
3 Holy Light
1 Divine Shield
5 Pandaren Brewmaster
3 Breath of Fire
2 Drunken Brawler
» actions
| Assign group hotkey | 74 | |
| Basic commands | 309 | |
| Build / train | 158 | |
| ESC pressed | 3 | |
| Enter build submenu | 37 | |
| Enter hero's abilities submenu | 19 | |
| Give item / drop item | 4 | |
| Remove unit from queue | 1 | |
| Right click | 1253 | |
| Select / deselect | 559 | |
| Select group hotkey | 489 | |
| Use ability | 177 | |
3083 total
» units
| Peasant | 18 | |
| Rifleman | 9 | |
| Goblin Shredder | 4 | |
| Goblin Zeppelin | 5 | |
| Gryphon Rider | 9 | |
| Siege Engine | 8 | |
| Mortar Team | 2 | |
| Dragonhawk Rider | 9 | |
64 total
» upgrades
| Gunpowder | 4 | |
| Armor | 2 | |
| Masonry | 3 | |
| Lumber Harvesting | 1 | |
| Long Rifles | 1 | |
| Storm Hammers | 1 | |
| Swords | 1 | |
| Barrage | 1 | |
| Fragmentation Shards | 1 | |
| Flare | 1 | |
16 total
» buildings
| Blacksmith | 2 | |
| Barracks | 1 | |
| Altar of Kings | 1 | |
| Farm | 16 | |
| Arcane Vault | 1 | |
| Town Hall | 3 | |
| Scout Tower | 25 | |
| Lumber Mill | 1 | |
| Keep | 2 | |
| Arcane Tower | 1 | |
| Guard Tower | 16 | |
| Workshop | 3 | |
| Castle | 3 | |
| Gryphon Aviary | 3 | |
78 total
» build order
00:50 Blacksmith
01:06 Barracks
01:21 Altar of Kings
01:36 Farm
01:51 Farm
01:54 Farm
02:33 Farm
02:54 Arcane Vault
03:14 Farm
04:38 Town Hall
05:37 Farm
06:00 Scout Tower
06:02 Scout Tower
06:03 Scout Tower
06:04 Scout Tower
06:05 Scout Tower
06:05 Scout Tower
06:06 Scout Tower
06:43 Lumber Mill
06:50 Keep
07:02 Arcane Tower
07:04 Guard Tower
07:24 Guard Tower
07:42 Guard Tower
07:42 Guard Tower
07:48 Farm
08:05 Guard Tower
08:28 Guard Tower
08:30 Scout Tower
08:31 Scout Tower
08:32 Scout Tower
09:02 Guard Tower
09:12 Town Hall
09:20 Scout Tower
09:21 Scout Tower
09:21 Scout Tower
09:22 Scout Tower
09:23 Scout Tower
09:24 Scout Tower
09:26 Scout Tower
09:36 Guard Tower
10:34 Workshop
10:35 Workshop
10:37 Castle
10:37 Castle
10:58 Gryphon Aviary
11:02 Gryphon Aviary
11:04 Gryphon Aviary
11:08 Farm
11:39 Farm
11:43 Guard Tower
11:47 Guard Tower
12:07 Guard Tower
14:21 Workshop
15:32 Farm
15:37 Farm
15:38 Farm
15:40 Farm
15:40 Farm
15:41 Farm
15:42 Farm
18:59 Scout Tower
18:59 Scout Tower
19:01 Scout Tower
19:02 Scout Tower
19:02 Scout Tower
19:03 Scout Tower
19:04 Scout Tower
19:41 Guard Tower
19:41 Guard Tower
20:09 Blacksmith
20:12 Guard Tower
20:45 Scout Tower
20:50 Guard Tower
20:55 Town Hall
» items
| Scroll of Town Portal | 1 | |
| Orb of Fire | 1 | |
| Potion of Mana | 1 | |
| Potion of Healing | 1 | |
4 total

»
GeneralBinLaden (
green | 38 APM | 882 actions | 23:08)
3 Blood Mage
1 Flame Strike
1 Siphon Mana
1 Banish
» actions
| Assign group hotkey | 16 | |
| Basic commands | 2 | |
| Build / train | 55 | |
| Enter build submenu | 28 | |
| Enter hero's abilities submenu | 3 | |
| Right click | 345 | |
| Select / deselect | 248 | |
| Select group hotkey | 138 | |
| Use ability | 47 | |
882 total
» units
| Peasant | 15 | |
| Spell Breaker | 12 | |
| Priest | 3 | |
| Dragonhawk Rider | 6 | |
| Goblin Zeppelin | 1 | |
37 total
» upgrades
| Swords | 2 | |
| Masonry | 1 | |
| Lumber Harvesting | 1 | |
| Plating | 2 | |
| Priest Training | 2 | |
| Cloud | 1 | |
9 total
» buildings
| Barracks | 1 | |
| Farm | 13 | |
| Altar of Kings | 1 | |
| Blacksmith | 1 | |
| Scout Tower | 2 | |
| Lumber Mill | 1 | |
| Arcane Tower | 2 | |
| Keep | 1 | |
| Arcane Vault | 1 | |
| Arcane Sanctum | 4 | |
| Gryphon Aviary | 2 | |
| Castle | 1 | |
30 total
» build order
00:08 Barracks
00:11 Farm
00:16 Altar of Kings
00:46 Blacksmith
01:42 Farm
01:52 Scout Tower
02:28 Lumber Mill
02:35 Arcane Tower
02:49 Farm
03:10 Farm
04:18 Keep
04:25 Arcane Vault
04:33 Scout Tower
05:13 Farm
05:14 Arcane Tower
05:36 Farm
06:35 Farm
06:42 Arcane Sanctum
06:53 Arcane Sanctum
07:42 Arcane Sanctum
07:58 Farm
08:02 Farm
08:10 Farm
08:14 Farm
08:28 Gryphon Aviary
09:14 Arcane Sanctum
12:50 Castle
19:08 Farm
19:13 Farm
19:46 Gryphon Aviary
» items
Chat log
(00:15 / Allies) mulan2004: hi
(00:32 / Allies) mulan2004: red help me creep soon pls
(00:39 / Allies) HumanKingTomVIP: reds afk
(00:48 / Allies) Space_Invader: was
(00:49 / Allies) Space_Invader: sorry
(00:51 / Allies) mulan2004: he is back
(00:57 / Allies) mulan2004: was not too long
(00:58 / Allies) mulan2004: np
(01:07 / Allies) Space_Invader: was surfing
(01:10 / Allies) Space_Invader: didnt switch me back
(01:14 / Allies) Space_Invader: fuckin thing lol
(01:16 / Allies) mulan2004: still wet
(01:29 / Allies) mulan2004: red help me creep soon
(03:57 / Allies) mulan2004: thx
(06:04 / Allies) HumanKingTomVIP: we can do it
(06:08 / Allies) HumanKingTomVIP: with 3 or more heros
(06:38 / Allies) HumanKingTomVIP: kill the big one first
(08:27 / Allies) Space_Invader: wood?
(09:37 / Allies) Space_Invader: dont have much
(09:58 / Allies) HumanKingTomVIP: im just gonna go afk til the next shredder is up
(09:59 / Allies) HumanKingTomVIP: fuck this game
(10:07 / Allies) Space_Invader: >?
(10:22 / Allies) Space_Invader: they expoing in the trees
(10:33 / Allies) HumanKingTomVIP: get ur well upgrade
(10:46 / Allies) mulan2004: no more towers
(10:59 / Allies) Space_Invader: steall sheadre from other side
(13:56 / Allies) mulan2004: hit here
(14:11 / Allies) HumanKingTomVIP: elf upgrade ur wells
(14:14 / Allies) HumanKingTomVIP: 300 man awells are garbage
(14:19 / Allies) HumanKingTomVIP: ur gonna wait all year to heal a giant
(15:50 / Allies) HumanKingTomVIP: elf if i gave you 500 gold and 200 wood would you upgrade your goddamn wells?
(15:57 / Allies) HumanKingTomVIP: or would you continue to pretend you dont speak english
(16:06 / Allies) HumanKingTomVIP: rofl and he gives me wood
(16:11 / Allies) mulan2004: stfu idiot
(16:30 / Allies) mulan2004: and stop that idiot towers
(16:54 / Allies) HumanKingTomVIP: u cant hit the air
(17:57 / Allies) mulan2004: hit here orange idiot
(18:21 / Allies) mulan2004: red back
(18:23 / Allies) mulan2004: back
(18:25 / Allies) mulan2004: red back
(18:31 / Allies) Space_Invader: oj your a fuck
(18:35 / Allies) mulan2004: red back
(18:41 / Allies) mulan2004: hit here
(18:51 / Allies) mulan2004: orange make units idiot
(19:14 / Allies) mulan2004: orange idiot has 5000 money
(21:18 / Allies) HumanKingTomVIP: all tp when theyt hit
(22:12 / Allies) mulan2004: orange idiot use your 7000 money
(22:26 / Allies) Space_Invader: oj take that one
(22:43 / Allies) HumanKingTomVIP: binladen will quit
(22:55 / All) GeneralBinLaden: ima mass dawks
(23:11 / Allies) HumanKingTomVIP: i knew it
(23:26 / Allies) HumanKingTomVIP: he was acting demoralized
(23:30 / All) HumanKingTomVIP: damn plug pullers
(23:32 / All) mulan2004: orange idiot has 9000 money
(23:56 / Allies) HumanKingTomVIP: tp
(26:58 / All) mulan2004: orange idiot use your 11000 money
(28:04 / Allies) HumanKingTomVIP: i need wood
(28:07 / Allies) HumanKingTomVIP: what the fuck happened to my 2 shredders
(28:27 / Allies) mulan2004: orange idiot share your 10000 money
(28:50 / Allies) HumanKingTomVIP: if you really cared about winning that mcuhy you would nto have made giants
(30:12 / Allies) Space_Invader: upgrade
(30:59 / Allies) Space_Invader: give cash or make units
(31:10 / Allies) Space_Invader: wow
(31:43 / Allies) HumanKingTomVIP: u guys keep massing breakers and giants
(31:46 / Allies) HumanKingTomVIP: most awesome units in the game
(31:52 / Allies) HumanKingTomVIP: thanks for the wood keep it coming
(31:54 / Allies) HumanKingTomVIP: im real short on wood
(32:01 / Allies) mulan2004: orange idiot leave then we win
(32:14 / Allies) HumanKingTomVIP: where are you from mulan
(32:15 / Allies) HumanKingTomVIP: mexico?
(32:18 / Allies) HumanKingTomVIP: your english stinks!
(32:29 / Allies) mulan2004: shut up and leave idiot
(34:25 / Allies) mulan2004: idiot share money
(34:40 / Allies) HumanKingTomVIP: you would just make more shitty giants
(34:43 / Allies) HumanKingTomVIP: tyoure a retarded mexican
(35:40 / Allies) Space_Invader: oj thanks for the loss
(35:47 / Allies) HumanKingTomVIP: we won easy noob
(35:48 / Allies) HumanKingTomVIP: l2p
(36:19 / Allies) mulan2004: idiots and psycho haha
(36:27 / Allies) HumanKingTomVIP: noob and mexican
(36:31 / All) NBS.Oreo: fuk it gg
(36:37 / All) HumanKingTomVIP: my team thinks we lost
(36:38 / All) HumanKingTomVIP: rofl
(36:52 / Allies) Space_Invader: peon trail
(36:56 / All) mulan2004: orand idiot has 10000
(37:14 / All) HumanKingTomVIP: yeah im an idiot for having a lot of gold
(37:19 / Allies) mulan2004: cry
(37:21 / All) HumanKingTomVIP: ill try to be a broke noob wiho feeds giants next game
(37:24 / All) HumanKingTomVIP: "mulan 2004"
(37:25 / All) HumanKingTomVIP: rofl
(37:40 / All) mulan2004: HumanKingTomVIP what an idiot like name haha
(38:01 / All) mulan2004: you want to be a VIP ? never haha
(38:14 / Allies) HumanKingTomVIP: did you like the movie mulan?
(38:17 / All) mulan2004: you want to be a king ? never haha
(38:46 / All) HumanKingTomVIP: rofl call to burrows
(38:49 / All) HumanKingTomVIP: your town is saved
(39:30 / All) HumanKingTomVIP: LOL
(41:55 / All) HumanKingTomVIP: time for the final showdown